 Dungeon Sprint DCSS version 0.23.2-33-g5129a83184 (webtiles) character file.

Game seed: 7194642879645370883

29313 Groucho the Imperceptible (level 13, 108/108 (109) HPs)
             Began as a Vampire Enchanter on July 30, 2019.
             Was the Champion of Dithmenos.
             Safely got out of the dungeon.
             The game lasted 00:26:40 (4242 turns).

Groucho the Imperceptible (Vampire Enchanter)       Turns: 4242, Time: 00:26:41

HP:   108/108 (109) AC: 10    Str:  7    XL:     13   Next: 14%
MP:   32/32         EV: 25    Int: 19    God:    Dithmenos [******]
Gold: 1231          SH:  8    Dex: 16    Spells: 30/42 levels left

rFire    + . .     SeeInvis +   a - +1 dagger
rCold    . . .     Gourm    .   x - +3 warlock's mirror {reflect}
rNeg     + . .     Faith    .   r - +0 robe {rF+}
rPois    .         Spirit   .   b - +0 helmet
rElec    .         Reflect  +   l - +1 cloak {MR+}
rCorr    .         Harm     .   n - +1 pair of gloves
MR       ++...     NoTele   +   m - +2 pair of boots
Stlth    ++++++++++             (no amulet)
HPRegen  0.28/turn              (no ring)
MPRegen  0.23/turn              (no ring)

@: wreathed by umbra
A: fangs 3, see invisible, deterioration 1, dopey 1, screaming 1, unbreathing,
subdued magic 1
a: Bat Form, Shadow Step, Shadow Form, Renounce Religion


You escaped.
You worshipped Dithmenos.
Dithmenos was exalted by your worship.
You were not thirsty.

You visited 1 branch You collected 3216 gold pieces.
You spent 1985 gold pieces at shops.

Inventory:

Hand Weapons
 a - a +1 dagger (weapon)
Armour
 b - a +0 helmet (worn)
 k - the +1 pair of boots of Bagug {*Corrode rElec rPois Int+4}
   (You bought it in a shop in the Dungeon)

   It affects your intelligence (+4).
   It insulates you from electricity.
   It protects you from poison.
   It may corrode you when you take damage.
 l - a +1 cloak of magic resistance (worn)
 m - a +2 pair of boots (worn)
 n - a +1 pair of gloves (worn)
 o - a +1 robe of cold resistance
 r - a +0 robe of fire resistance (worn)
 x - the +3 warlock's mirror (worn) {reflect}
   (You bought it in a shop in the Dungeon)
Jewellery
 t - an uncursed amulet of harm
Wands
 v - a wand of enslavement (8)
 w - a wand of acid (10)
Scrolls
 i - a scroll of fear {unknown}
 p - a scroll of blinking
 q - a scroll of enchant weapon {unknown}
 s - 3 scrolls of remove curse {unknown}
 u - a scroll of identify {unknown}
Potions
 c - a potion of agility {unknown}
 d - a potion of blood
 e - 4 potions of curing
 f - a potion of heal wounds
 g - a potion of haste
 h - 2 potions of magic
 j - 3 potions of degeneration {unknown}
 z - a potion of lignification {unknown}


   Skills:
 + Level 12.8 Fighting
 - Level 14.0 Short Blades
 + Level 16.6 Dodging
 - Level 21.5 Stealth
 + Level 3.4 Shields
 - Level 15.4 Spellcasting
 - Level 15.3 Hexes


You had 30 spell levels left.
You knew the following spells:

 Your Spells              Type           Power        Failure   Level  Hunger
a - Corona                Hex            ######.      0%          1    None
b - Ensorcelled Hibernat  Hex/Ice        ####..       1%          2    None
c - Confuse               Hex            ######..     0%          3    None
d - Dazzling Spray        Conj/Hex       ####..       1%          3    None
e - Tukima's Dance        Hex            ######..     0%          3    None

Your spell library contained the following spells:

 Spells                   Type           Power        Failure   Level  Hunger


Dungeon Overview and Level Annotations

Branches:
Dungeon (1/1)

Altars:
Cheibriados
Dithmenos
Elyvilon
Fedhas
Gozag
Hepliaklqana
Kikubaaqudgha
Makhleb
Nemelex Xobeh
Okawaru
Qazlal
Ru
Sif Muna
Trog
Uskayaw
Vehumet
Wu Jian
Xom
Yredelemnul
Zin
The Shining One
Jiyva
Lugonu

Shops:
D :*=}[:[*[*%[[::*[[([*(

Annotations:
D exclusion: oklob plant


Innate Abilities, Weirdness & Mutations

You have razor-sharp teeth.
You have supernaturally acute eyesight. (SInv)
You can survive without breathing.
Your body sometimes deteriorates upon taking damage.
You are dopey. (Int -2)
You occasionally shout uncontrollably at your foes.
Your spells are a little easier to cast, but a little less powerful.


Message History

There is an open door here.
There is an open door here.
There is an open door here.
Things that are here:
a +0 scythe of slicing; a +0 robe
There is an open door here.
You see here a +0 giant spiked club.
There is an open door here.
z - a yellow potion
Things that are here:
a +0 dagger; a +0 leather armour
There is an open door here.
There is a staircase leading out of the dungeon here.
Are you sure you want to leave the Dungeon?
This will make you lose the game!
Alright, then stay!
Unknown command.
You can't go down here!
Unknown command.
Are you sure you want to leave the Dungeon?
This will make you lose the game!
You have escaped!

##################
#@.#.)'..#.)'..#__
#..'..#.)'..#..'..
#..#####'#####'#__
#..####..#...#.###
#..#__####..##[#§≈
#..#_____##'#_.'≈≈
#⌠⌠#_.∩...'..._#§≈
####_..__##_.#'##'
#_____###'#.#..


There were no monsters in sight!

Vanquished Creatures
  A golden dragon (D)
  A shadow dragon (D)
  4 fire giants (D)
  A deep elf annihilator (D)
  A lorocyproca (D)
  A hydra (D)
  2 centaur warriors (D)
  Sonja (D)
  A deep troll (D)
  7 unseen horrors (D)
  A lindwurm (D)
  An oklob plant (D)
  8 shining eyes (D)
  2 merfolk sirens (D)
  A gargoyle (D)
  2 kobold demonologists (D)
  4 demonic crawlers (D)
  A hellwing (D)
  5 hornets (D)
  A slime creature (D)
  2 redbacks (D)
  Sigmund (D)
  A yak (D)
  13 hogs (D)
  7 floating eyes (D)
  7 necrophages (D)
  An ogre (D)
  8 jellies (D)
  Ijyb (D)
  A ballistomycete (D)
  A ballistomycete spore (D)
89 creatures vanquished.

Vanquished Creatures (others)
  A gargoyle (D)
  A ballistomycete spore (D)
2 creatures vanquished.

Grand Total: 91 creatures vanquished

Notes
Turn   | Place    | Note
-------+----------+-------------------------------------------
     0 | D        | Groucho the Vampire Enchanter began the quest for the Orb.
     0 | D        | Reached XP level 1. HP: 13/13 MP: 3/3
     2 | D        | Noticed Ijyb
     8 | D        | Killed Ijyb
     8 | D        | Reached skill level 7 in Stealth
     8 | D        | Reached XP level 2. HP: 19/19 MP: 4/6
    50 | D        | Learned a level 2 spell: Ensorcelled Hibernation
    52 | D        | Noticed an ogre
    54 | D        | Killed an ogre
    54 | D        | Reached skill level 10 in Stealth
    54 | D        | Reached XP level 3. HP: 24/24 MP: 7/9
    54 | D        | Reached XP level 4. HP: 30/30 MP: 7/10
    71 | D        | Learned a level 3 spell: Confuse
    75 | D        | Learned a level 3 spell: Dazzling Spray
    76 | D        | Noticed Sigmund
    80 | D        | Killed Sigmund
    80 | D        | Reached skill level 13 in Stealth
    80 | D        | Reached skill level 5 in Spellcasting
    80 | D        | Reached XP level 5. HP: 26/35 MP: 7/13
   333 | D        | Found a deep blue altar of Sif Muna.
   334 | D        | Found an ornate altar of the Wu Jian Council.
   335 | D        | Found a radiant altar of Vehumet.
   340 | D        | Reached skill level 14 in Stealth
   340 | D        | Reached skill level 10 in Hexes
   340 | D        | Reached XP level 6. HP: 41/41 MP: 12/15
   368 | D        | Found Jerregimp's Gadget Emporium.
   368 | D        | Found an ancient bone altar of Kikubaaqudgha.
   368 | D        | Found a hazy altar of Hepliaklqana.
   368 | D        | Found a stormy altar of Qazlal.
   368 | D        | Found a hide-covered altar of Uskayaw.
   368 | D        | Found a blossoming altar of Fedhas.
   368 | D        | Found a bloodstained altar of Trog.
   368 | D        | Found an iron altar of Okawaru.
   368 | D        | Found a basalt altar of Yredelemnul.
   368 | D        | Found a glowing golden altar of the Shining One.
   368 | D        | Found a snail-covered altar of Cheibriados.
   368 | D        | Found a sacrificial altar of Ru.
   368 | D        | Found a glowing silver altar of Zin.
   368 | D        | Found a shadowy altar of Dithmenos.
   368 | D        | Found a white marble altar of Elyvilon.
   368 | D        | Noticed a yak
   369 | D        | Found an opulent altar of Gozag.
   370 | D        | Killed a yak
   370 | D        | Reached skill level 15 in Stealth
   371 | D        | Found a sparkling altar of Nemelex Xobeh.
   381 | D        | Became a worshipper of Dithmenos the Shadowed
   398 | D        | Found a viscous altar of Jiyva.
   398 | D        | Found a corrupted altar of Lugonu.
   398 | D        | Noticed a slime creature
   399 | D        | Found a burning altar of Makhleb.
   399 | D        | Found a shimmering altar of Xom.
   401 | D        | Killed a slime creature
   401 | D        | Reached skill level 16 in Stealth
   401 | D        | Reached XP level 7. HP: 46/46 MP: 15/17
   426 | D        | Noticed a centaur warrior
   426 | D        | Noticed a centaur warrior
   428 | D        | Killed a centaur warrior
   428 | D        | Reached skill level 17 in Stealth
   428 | D        | Reached XP level 8. HP: 46/52 MP: 16/20
   430 | D        | Killed a centaur warrior
   430 | D        | Reached * piety under Dithmenos
   430 | D        | Reached skill level 5 in Short Blades
   430 | D        | Reached skill level 19 in Stealth
   442 | D        | Noticed a hornet
   445 | D        | Killed a hornet
   445 | D        | Reached XP level 9. HP: 53/57 MP: 17/22
   451 | D        | Learned a level 3 spell: Tukima's Dance
   460 | D        | Noticed an oklob plant
   462 | D        | Killed an oklob plant
   464 | D        | Killed a gargoyle
   469 | D        | Reached ** piety under Dithmenos
   469 | D        | Reached skill level 20 in Stealth
   501 | D        | Noticed an unseen horror
   502 | D        | Noticed an unseen horror
   508 | D        | Killed an unseen horror
   508 | D        | Reached *** piety under Dithmenos
   510 | D        | Killed an unseen horror
   510 | D        | Reached skill level 21 in Stealth
   510 | D        | Reached skill level 10 in Spellcasting
   510 | D        | Reached skill level 15 in Hexes
   510 | D        | Reached XP level 10. HP: 63/63 MP: 22/24
   530 | D        | Reached **** piety under Dithmenos
   559 | D        | Reached ***** piety under Dithmenos
   790 | D        | Found Ydaexzea's Assorted Antiques.
   790 | D        | Found Wailadwi's Antique Armour Shop.
   790 | D        | Found Duicluf's Antique Armour Boutique.
   792 | D        | Found Gecyl's General Store.
   792 | D        | Found Rilogh's Food Shop.
   792 | D        | Found Daogo's Armour Shoppe.
   792 | D        | Found Xennir's Antique Armour Boutique.
   792 | D        | Found Geher's Book Emporium.
   792 | D        | Found Jythrud's Book Shop.
   792 | D        | Found Haj Oqus's General Store.
   796 | D        | Found Kyijikext's Antique Armour Boutique.
   797 | D        | Found Liutoez's Antique Weapon Emporium.
   797 | D        | Found Warhunn's Antique Armour Boutique.
   798 | D        | Found Pucu's Assorted Antiques.
   818 | D        | Bought a pair of distressingly furry boots for 275 gold
                  | pieces
   823 | D        | Identified the +1 pair of boots of Bagug {*Corrode rElec
                  | rPois Int+4} (You bought it in a shop in the Dungeon)
   835 | D        | Bought a runed cloak for 210 gold pieces
   841 | D        | Bought a +2 pair of boots for 231 gold pieces
   841 | D        | Bought a +1 pair of gloves for 161 gold pieces
   867 | D        | Bought a glowing robe for 107 gold pieces
   898 | D        | Bought a helmet for 117 gold pieces
   948 | D        | Noticed a deep troll
   952 | D        | Killed a deep troll
   964 | D        | Found Coegoh's Armour Emporium.
   976 | D        | Noticed Sonja
   979 | D        | Killed Sonja
  1048 | D        | Found Laitsage's Book Boutique.
  1092 | D        | Reached ****** piety under Dithmenos
  1092 | D        | Reached skill level 10 in Dodging
  1102 | D        | Reached skill level 10 in Short Blades
  1110 | D        | Noticed a gargoyle
  1113 | D        | Killed a gargoyle
  1113 | D        | Reached skill level 5 in Fighting
  1113 | D        | Reached XP level 11. HP: 78/78 MP: 26/26
  1130 | D        | Noticed a lorocyproca
  1145 | D        | Killed a lorocyproca
  1372 | D        | Noticed a lindwurm
  1374 | D        | Killed a lindwurm
  1707 | D        | Noticed a 12-headed hydra
  1709 | D        | Killed a 12-headed hydra
  1769 | D        | Bought a +0 robe of fire resistance for 100 gold pieces
  1941 | D        | Noticed a shadow dragon
  1941 | D        | Noticed a golden dragon
  1944 | D        | Killed a shadow dragon
  1946 | D        | Killed a golden dragon
  1946 | D        | Reached XP level 12. HP: 94/94 MP: 27/29
  2196 | D        | Found Naanwuk's Antique Weapon Shoppe.
  2254 | D        | Noticed a daeva
  2271 | D        | Reached skill level 10 in Fighting
  2275 | D        | Noticed a fire giant
  2276 | D        | Noticed a fire giant
  2276 | D        | Noticed a fire giant
  2276 | D        | Noticed a fire giant
  2277 | D        | Killed a fire giant
  2279 | D        | Killed a fire giant
  2280 | D        | Killed a fire giant
  2280 | D        | Reached skill level 15 in Dodging
  2283 | D        | Killed a fire giant
  2397 | D        | Reached skill level 15 in Spellcasting
  2406 | D        | Gained mutation: You are dopey. (Int -2) [a shining eye]
  2409 | D        | Gained mutation: Your spells are a little easier to cast,
                  | but a little less powerful. [a shining eye]
  2421 | D        | Gained mutation: You occasionally shout uncontrollably at
                  | your foes. [a shining eye]
  2422 | D        | Gained mutation: Your body sometimes deteriorates upon
                  | taking damage. [a shining eye]
  2424 | D        | Reached XP level 13. HP: 81/107 MP: 1/32
  2864 | D        | Found Qaum's Armour Shop.
  2864 | D        | Found Xiatwom's General Store.
  2864 | D        | Found Oschyicia's Book Boutique.
  2864 | D        | Found Joang's Jewellery Emporium.
  2931 | D        | Bought a long bone wand for 112 gold pieces
  2941 | D        | Bought a twisted gold wand for 112 gold pieces
  2949 | D        | Bought the +3 warlock's mirror {reflect} for 560 gold
                  | pieces
  2949 | D        | Found the +3 warlock's mirror {reflect}
  3075 | D        | Noticed a deep elf annihilator
  3076 | D        | Noticed a mummy priest
  3095 | D        | Reached skill level 1 in Shields
  3535 | D        | Killed a deep elf annihilator
  4242 | D        | Safely got out of the dungeon.

Skill      XL: |  1  2  3  4  5  6  7  8  9 10 11 12 13 |
---------------+----------------------------------------+-----
Stealth        | 7 10 13 14 16 17 19 21 | 21.5
Spellcasting   | 3 4 5 6 7 8 9 10 11 13 15 | 15.4
Hexes          | 6 7 9 10 11 12 13 15 | 15.3
Short Blades   | 4 6 8 10 13 14 | 14.0
Dodging        | 4 6 8 10 13 16 | 16.6
Fighting       | 5 9 12 | 12.8
Shields        | 3 |  3.4

Action                   |  1- 3 |  4- 6 |  7- 9 | 10-12 | 13-15 || total
-------------------------+-------+-------+-------+-------+-------++-------
Melee: Dagger            |     5 |     4 |     9 |    91 |    27 ||   136
       Bite              |       |       |       |     5 |     2 ||     7
 Cast: Ensorcelled Hiber |       |     3 |     2 |    16 |     9 ||    30
       Confuse           |       |       |       |     3 |     3 ||     6
       Dazzling Spray    |       |       |       |     8 |    10 ||    18
       Tukima's Dance    |       |       |       |       |     2 ||     2
Invok: Shadow Step       |       |       |       |     5 |     1 ||     6
 Abil: End Transformatio |       |       |       |       |     1 ||     1
       Bat Form          |       |       |       |       |     1 ||     1
  Use: Potion            |     1 |       |       |     8 |     2 ||    11
       Scroll            |       |       |     1 |       |       ||     1
 Stab: Sleeping          |     1 |     4 |     9 |    56 |     4 ||    74
       Confused          |       |       |       |     3 |     1 ||     4
       Invisible         |       |       |       |     4 |     1 ||     5
Armor: Robe              |       |       |       |       |     3 ||     3
Dodge: Dodged            |     2 |     1 |     2 |    25 |    24 ||    54
Block: Buckler           |       |       |       |       |    10 ||    10
       Reflection        |       |       |       |       |     2 ||     2
